 Dungeon Crawl Stone Soup version 0.31-a0-321-g19405a7a6a (webtiles) character file.

Game seed: 10893837853215735024

314 cforsyth the Changeling (level 6, 0/46 HPs)
             Began as a Vampire Shapeshifter on July 18, 2023.
             Slain by a gnoll
             ... wielding a +0 halberd
             ... led by a gnoll bouda
              (10 damage)
             ... on level 4 of the Dungeon.
             The game lasted 00:04:46 (2662 turns).

cforsyth the Changeling (Vampire Shapeshifter)      Turns: 2662, Time: 00:04:47

Health: 0/46       AC:  2    Str: 16    XL:     6   Next: 19%
Magic:  0/6        EV: 13    Int: 10    God:
Gold:   121        SH:  0    Dex: 15    Spells: 5/5 levels left

rFire   . .          .
                       - Unarmed
rCold   + . .        (no shield)
rNeg    . . .        a - +0 animal skin
rPois   .            p - melded +2 hat
rElec   .            t - melded +0 cloak
rCorr   .            (gloves currently unavailable)
SInv    +            (boots currently unavailable)
Will    .....        e - amulet of guardian spirit
Stlth   +            n - +4 ring of slaying
HPRegen 0.47/turn    k - ring of protection from cold
MPRegen 0.10/turn

%: guardian spirit
@: beast-form, healing quickly
A: beast (slay +3), alive, fangs 3, see invisible, vampiric 2
a: Exsanguinate, Begin Untransformation


You were on level 4 of the Dungeon.
You were a hulking beast.
You visited 1 branch of the dungeon, and saw 4 of its levels.

You collected 121 gold pieces.

Inventory:

Hand Weapons
 m - the +5 spear "Joitudeal" {drain, rC++ rN+}
   (You found it on level 2 of the Dungeon)

   rC:        It greatly protects you from cold.
   rN:        It protects you from negative energy.
Armour
 a - a +0 animal skin (worn)
 p - a +2 hat (melded)
 t - a +0 cloak (melded)
Jewellery
 e - an amulet of guardian spirit (around neck)
 h - an amulet of faith
 i - a ring of magical power
 k - a ring of protection from cold (right hand)
 n - a +4 ring of slaying (left hand)
 v - a +5 ring of evasion
 w - a +4 ring of protection
Talismans
 c - a beast talisman
 r - a serpent talisman
Scrolls
 d - 2 scrolls of poison {unknown}
 f - a scroll of enchant weapon {unknown}
 g - 2 scrolls of teleportation {unknown}
 j - 4 scrolls of identify {unknown}
 q - a scroll of immolation {unknown}
 u - a scroll of enchant armour {unknown}
Potions
 b - a potion of lignification
 l - a potion of brilliance {unknown}
 o - a potion of haste {unknown}
 s - a potion of mutation {unknown}


   Skills:
 - Level 2.7 Fighting
 - Level 3.2 Dodging
 - Level 3.3 Unarmed Combat
 + Level 5.5 Shapeshifting


You had 5 spell levels left.
You didn't know any spells.
Your spell library contained the following spells:

 Spells                   Type           Power      Damage    Failure   Level
 Slow                     Hex            0%         N/A       36%         1
 Summon Small Mammal      Summ           0%         N/A       36%         1
 Call Canine Familiar     Summ           0%         N/A       75%         3
 Confusing Touch          Hex            0%         N/A       75%         3
 Summon Guardian Golem    Hex/Summ       0%         N/A       75%         3
 Vampiric Draining        Necr           0%         2d6       75%         3
 Irradiate                Conj/Tmut      0%         3d11      100%        5
 Orb of Destruction       Conj           0%         9d5       100%        7
 Spellforged Servitor     Conj/Summ      0%         N/A       100%        7


Dungeon Overview and Level Annotations

Branches:
Dungeon (4/15)
 Temple: D:4-7

Altars:


Innate Abilities, Weirdness & Mutations

You are a hulking beast.
Your limbs bulge with bestial killing power. (Slay +3)
Your natural rate of healing is accelerated.
You have razor-sharp teeth.
You have supernaturally acute eyesight. (SInv)
You are afflicted with vampirism and can become a bat while bloodless.


Message History

A gnoll bouda comes into view. It is wielding a +0 whip.
There is an open door here.
The gnoll bouda barks out a call to the hunt!
The gnolls pick up the pace!
Unknown command.
The gnoll closely misses you.
A gnoll comes into view. It is wielding a +0 whip.
The gnoll shouts!
You hit the gnoll. You bite the gnoll.
The gnoll is heavily wounded.
The gnoll hits you with a +0 spear!
You punch the gnoll!
You kill the gnoll!
You closely miss the gnoll.
A gnoll comes into view. It is wielding a +0 halberd.
The gnoll hits you with a +0 club.
You punch the gnoll!
The gnoll is almost dead.
A gnoll comes into view. It is wielding a +0 club.
You punch the gnoll bouda! You bite the gnoll bouda!
You kill the gnoll bouda!
Unknown command.
You hit the gnoll.
You kill the gnoll!
The gnoll closely misses you.
The gnoll hits you from afar with a +0 halberd!
Items here: ))) [ †.
You hit the gnoll.
The gnoll is moderately wounded.
The gnoll hits you with a +0 whip.
The gnoll hits you from afar with a +0 halberd!
* * * LOW HITPOINT WARNING * * *
You punch the gnoll! Your bite misses the gnoll.
The gnoll is almost dead.
The gnoll closely misses you. The gnoll barely misses you.
The gnoll attacks as you move away! The gnoll hits you with a +0 whip.
* * * LOW HITPOINT WARNING * * *
The gnoll completely misses you.
The gnoll hits you from afar with a +0 halberd!
You die...

## #.# .. ##.##
.##.... .....##
....| .g. #g# #g#
#h# ##'## ##...##
##.....##
##.......##
###.........####.
..'.........'....
###.........####.
##..(....##


You could see 3 gnolls.

Vanquished Creatures
  An ice beast (D:4)
  A gnoll bouda (D:4)
  An iguana (D:3)
  4 gnolls
  5 adders
  A worm (D:3)
  2 dart slugs
  9 endoplasms
  6 giant cockroaches
  9 goblins
  13 hobgoblins
  A quokka (D:1)
  9 ball pythons
  7 bats
  9 frilled lizards
  4 kobolds
  6 rats
88 creatures vanquished.

Notes
Turn   | Place    | Note
-------+----------+-------------------------------------------
     0 | D:1      | cforsyth the Vampire Shapeshifter began the quest for the
                  | Orb.
     0 | D:1      | Reached XP level 1. HP: 16/16 MP: 1/1
    49 | D:1      | Reached XP level 2. HP: 13/22 MP: 2/2
   401 | D:1      | Gained mutation: You are afflicted with vampirism and can
                  | become a bat while bloodless. [Vampire growth]
   401 | D:1      | Reached XP level 3. HP: 8/27 MP: 1/3
   875 | D:2      | Got Wimid's Atlas of the Reformed Boggart
   894 | D:2      | Found a faded altar of an unknown god.
  1013 | D:2      | Reached XP level 4. HP: 23/34 MP: 2/4
  1192 | D:2      | Identified the +5 spear "Joitudeal" {drain, rC++ rN+}
  1901 | D:3      | Reached skill level 4 in Shapeshifting
  2150 | D:3      | Reached XP level 5. HP: 22/39 MP: 2/5
  2567 | D:4      | Noticed an ice beast
  2575 | D:4      | Killed an ice beast
  2576 | D:4      | Reached skill level 5 in Shapeshifting
  2610 | D:4      | Reached XP level 6. HP: 41/46 MP: 4/6
  2662 | D:4      | Slain by a gnoll

Illustrated notes

Levels and vault maps discovered:
D:1:      ncdulo_wetmaze, layout_basic
D:2:      minmay_spotlight, layout_basic, chequers_ecumenical_altar_grove,
          minmay_split_cup_large
D:3:      layout_rooms
D:4:      layout_loops_corners, minmay_temple_entry_poolview,
          chequers_serial_rivers_marsh

Skill      XL: |  1  2  3  4  5 |
---------------+----------------+-----
Fighting       | 2 |  2.7
Unarmed Combat | 3 |  3.3
Dodging        | 3 |  3.2
Shapeshifting  | 4 5 |  5.5

Action                     |  1- 3 |  4- 6 || total
---------------------------+-------+-------++-------
  Melee: Unarmed           |   124 |   107 ||   231
         Bite              |    13 |     5 ||    18
         Punch             |       |     1 ||     1
Ability: Begin Untransform |       |     1 ||     1
    Use: Potion            |     1 |       ||     1
   Stab: Sleeping          |       |     3 ||     3
 Armour: Animal skin       |    25 |     6 ||    31
  Dodge: Dodged            |    87 |    63 ||   150
   Form: Beast             |       |     1 ||     1

Table legend: (Time is in decaauts)
 A = Elapsed time spent in this place.
 B = Non-inter-level travel time spent in this place.
 C = Inter-level travel time spent in this place.
 D = Time resting spent in this place.
 E = Time spent auto-exploring this place.
 F = Levels seen in this place.
 G = Mean time per level.
                   A        B        C        D        E       F      G
               +--------+--------+--------+--------+--------+-----+--------+
         Total |   2653 |   2605 |     48 |      0 |   2011 |   4 |  663.2 |
       Dungeon |   2653 |   2605 |     48 |      0 |   2011 |   4 |  663.2 |
               +--------+--------+--------+--------+--------+-----+--------+

Top non-repeatable levels by time:
     D:2: 1080 daAuts
     D:1: 724 daAuts
     D:3: 472 daAuts
     D:4: 376 daAuts
